 Dungeon Crawl Stone Soup version 0.27-a0-1137-g3ef0f4ec91 (webtiles) character file.

Game seed: 4660680009211899912

41 jestyr24 the Magician (level 3, 0/25 HPs)
             Began as a Djinni Enchanter on May 6, 2021.
             Slain by an adder (1 damage)
             ... on level 2 of the Dungeon on May 7, 2021.
             The game lasted 00:12:57 (2720 turns).

jestyr24 the Magician (Djinni Enchanter)            Turns: 2720, Time: 00:12:57

Health: 0/25       AC:  3    Str:  7    XL:     3   Next: 52%
Gold:   71         EV: 12    Int: 17    God:
                   SH:  0    Dex: 13

rFire    + + .     SeeInvis .   a - +1 dagger
rCold    x . .     Faith    .   (no shield)
rNeg     . . .     Spirit   .   b - +0 robe
rPois    ∞         Reflect  .   (no helmet)
rElec    .         Harm     .   f - +0 cloak
rCorr    .         Rampage  .   (no gloves)
Will     .....                  (boots unavailable)
Stlth    ++........             (no amulet)
HPRegen  0.08/turn              (no ring)
MPRegen  0.00/turn              (no ring)

@: flying, studying Short Blades
A: sickness immunity, fire resistance 2, cold vulnerability 1, float, innate
caster, hp casting, extra vitality 1
a: no special abilities


You were on level 2 of the Dungeon.
You visited 1 branch of the dungeon, and saw 2 of its levels.

You collected 71 gold pieces.

Inventory:

Hand Weapons
 a - a +1 dagger (weapon)
Armour
 b - a +0 robe (worn)
 f - a +0 cloak (worn)
Scrolls
 g - a scroll of holy word {unknown}
 m - a scroll of vulnerability {unknown}
Potions
 h - a potion of attraction {unknown}
 i - 2 potions of might {unknown}
 j - a potion of curing {unknown}
 k - a potion of berserk rage {unknown}
 l - a potion of lignification {unknown}


   Skills:
 * Level 1.2 Short Blades
 + Level 2.9 Dodging
 + Level 2.8 Stealth
 * Level 3.1 Spellcasting


You couldn't memorise any spells.
You knew the following spells:

 Your Spells              Type           Power      Damage    Failure   Level
a - Corona                Hex            14%        N/A       4%          1
b - Ensorcelled Hibernat  Hex/Ice        26%        N/A       7%          2
c - Confusing Touch       Hex            13%        N/A       14%         3
d - Tukima's Dance        Hex            13%        N/A       14%         3
e - Dazzling Flash        Conj/Hex       26%        N/A       14%         3
f - Apportation           Tloc           26%        N/A       4%          1
Your spell library was empty.

Dungeon Overview and Level Annotations

Branches:
Dungeon (2/15)

Altars:

Shops:
D:2 =


Innate Abilities, Weirdness & Mutations

You are immune to sickness and miasma.
You are immune to poison.
Your flesh is very heat resistant. (rF++)
You are vulnerable to cold. (rC-)
You float through the air rather than walking.
You learn spells naturally, not from books.
Your magical power is your life essence.
You have superior vitality. (+4 HP)


Message History

The bat is moderately wounded.
The bat hits you. The endoplasm freezes you.
You are frozen.
You feel a terrible chill!
Casting: Ensorcelled Hibernation (safe; 7% risk of failure)
Confirm with . or Enter, or press ? or * to list all spells.
Aiming: Corona (safe; 4% risk of failure)
Press: ? - help, Shift-Dir - straight line, f/p - endoplasm
Aim: an endoplasm (chance to affect: 67%)
The endoplasm is outlined in light.
The bat closely misses you. The endoplasm misses you.
You hit the endoplasm.
The endoplasm is lightly wounded.
The bat completely misses you. The bat barely misses you.
The endoplasm barely misses you.
You hit the endoplasm but do no damage.
The endoplasm is lightly wounded.
The bat barely misses you. The bat misses you. The endoplasm freezes you.
You are frozen.
You feel a terrible chill!
* * * LOW HITPOINT WARNING * * *
You hit the endoplasm.
The endoplasm is heavily wounded.
The bat completely misses you. The bat closely misses you.
You hit the endoplasm.
The endoplasm is almost dead.
The bat misses you.
The endoplasm hits you but does no damage.
The bat misses you.
You hit the endoplasm but do no damage.
The endoplasm is almost dead.
The bat hits you.
* * * LOW HITPOINT WARNING * * *
The endoplasm misses you.
You hit the endoplasm.
You kill the endoplasm!
The bat hits you.
* * * LOW HITPOINT WARNING * * *
The adder barely misses you. The adder bites you.
You die...

#+##...
.......
.....S. ##
.......##
#.. #.
........#
#.. #.
........#
##.. #.
........####
... #.
.......ggS.#
#.##.
.......###@#
###..#.
.....). #b#
#......
.......
#.#####
#......
.......
#.....#
#......
#######
#####.#
#...... #.#
#####.. #.#
# #..
#########.#
#.######..
..........#
#......##.


You could see an adder, a hobgoblin, a goblin and a bat.

Vanquished Creatures
  A dart slug (D:1)
  7 ball pythons
  4 bats (D:1)
  4 endoplasms
  A giant cockroach (D:1)
  3 goblins
  2 hobgoblins (D:2)
  3 kobolds
  2 quokkas
  3 frilled lizards
  4 rats (D:1)
34 creatures vanquished.

Notes
Turn   | Place    | Note
-------+----------+-------------------------------------------
     0 | D:1      | jestyr24 the Djinni Enchanter began the quest for the Orb.
     0 | D:1      | Reached XP level 1. HP: 15/15 MP: 0/0
   474 | D:1      | Reached skill level 1 in Short Blades
   477 | D:1      | Reached XP level 2. HP: 13/21 MP: 0/0
  1218 | D:1      | Reached skill level 3 in Spellcasting
  1479 | D:1      | Reached XP level 3. HP: 23/25 MP: 0/0
  1479 | D:1      | Learned a level 1 spell: Apportation
  1615 | D:1      | You are sucked into a shaft and drop 1 floor!
  2626 | D:2      | Identified a scroll of acquirement
  2626 | D:2      | Acquired a manual of Short Blades
  2686 | D:2      | Found Xeuvaes's Jewellery Emporium.
  2719 | D:2      | HP: 1/25 [bat (1)]
  2720 | D:2      | Slain by an adder

Illustrated notes

Levels and vault maps discovered:
D:1:      lemuel_arrival_funnel, layout_basic, minmay_fountain_box
D:2:      layout_basic, basic_ecumenical_altar, serial_shops, shop, basic_altar,
          minmay_misc_feat_pillars

Skill      XL: |  1  2 |
---------------+-------+-----
Short Blades   | 1 |  1.2
Spellcasting   | 3 |  3.1
Dodging        | |  2.9
Stealth        | |  2.8

Action                   || total
-------------------------++-------
Melee: Dagger            ||    80
 Cast: Corona            ||    15
       Ensorcelled Hiber ||    42
  Use: Potion            ||     2
       Scroll            ||     1
 Stab: Sleeping          ||    25
Armor: Robe              ||    29
Dodge: Dodged            ||   101

Table legend: (Time is in decaauts)
 A = Elapsed time spent in this place.
 B = Non-inter-level travel time spent in this place.
 C = Inter-level travel time spent in this place.
 D = Time resting spent in this place.
 E = Time spent auto-exploring this place.
 F = Levels seen in this place.
 G = Mean time per level.
                   A        B        C        D        E       F      G
               +--------+--------+--------+--------+--------+-----+--------+
         Total |   2717 |   2604 |    113 |   1418 |    787 |   2 | 1358.5 |
       Dungeon |   2717 |   2604 |    113 |   1418 |    787 |   2 | 1358.5 |
               +--------+--------+--------+--------+--------+-----+--------+

Top non-repeatable levels by time:
     D:1: 2199 daAuts
     D:2: 517 daAuts
